 Dungeon Crawl Stone Soup version 0.30.0-29-ga12c61a403 (webtiles) character file.

Game seed: 3045617705617655393

1785 AIAndy the Trooper (level 8, -2/59 (67) HPs)
             Began as a Demonspawn Wanderer on June 18, 2023.
             Was a Believer of Okawaru.
             Slain by a wight
             ... wielding a +2 spear
              (5 damage)
             ... on level 6 of the Dungeon.
             The game lasted 00:31:15 (6093 turns).

AIAndy the Trooper (Demonspawn Wanderer)            Turns: 6093, Time: 00:31:15

HP:   -2/59 (67)    AC: 15    Str: 14    XL:     8   Next: 81%
MP:   10/10         EV:  5    Int: 14    God:    Okawaru [**....]
Gold: 308           SH:  0    Dex: 13    Spells: 5/9 levels left

rFire   + + .        u - +1 whip (venom)
rCold   x . .        (no shield)
rNeg    . . .        D - +0 fire dragon scales
rPois   .            (no helmet)
rElec   .            v - +0 cloak
rCorr   +            (no gloves)
SInv    .            s - +0 pair of boots
Will    .....        f - amulet of reflection Stlth
                     g - ring of flight
HPRegen 0.29/turn    y - ring of resist corrosion
MPRegen 0.24/turn

%: reflection
@: mighty, on berserk cooldown, flying, held, slowed, heavily drained, very slow
A: slimy green scales 1, powered by pain 2, magic regeneration, demonic touch 1
a: Renounce Religion, Heroism


You were on level 6 of the Dungeon.
You worshipped Okawaru.
Okawaru was pleased with you.
You visited 1 branch of the dungeon, and saw 7 of its levels.

You collected 308 gold pieces.

Inventory:

Hand Weapons
 a - a +0 hand axe
 n - a +0 short sword of venom
 q - a +1 spear of flaming
 u - a +1 whip of venom (weapon)
 B - a +2 short sword of freezing
Missiles
 b - 15 poisoned darts (quivered)
 p - 3 boomerangs of dispersal
 H - 2 throwing nets
 M - 5 boomerangs
Armour
 c - a +0 chain mail
 e - a +0 robe
 h - a +0 ring mail
 i - a +0 kite shield
 s - a +0 pair of boots (worn)
 v - a +0 cloak (worn)
 D - +0 fire dragon scales (worn)
Jewellery
 f - an amulet of reflection (around neck)
 g - a ring of flight (left hand)
 o - a ring of fire
 y - a ring of resist corrosion (right hand)
 C - a ring of poison resistance
Scrolls
 d - 2 scrolls of blinking
 j - 3 scrolls of magic mapping
 k - a scroll of amnesia {unknown}
 w - 2 scrolls of fog
 z - a scroll of teleportation {unknown}
 A - a scroll of silence {unknown}
 G - a scroll of poison {unknown}
 J - a scroll of brand weapon {unknown}
 K - a scroll of butterflies {unknown}
Potions
 m - 2 potions of flight
 r - a potion of ambrosia
 t - 2 potions of mutation
 x - a potion of magic
 E - 2 potions of lignification
 F - 3 potions of curing
 I - 2 potions of might


   Skills:
 + Level 7.3 Fighting
 - Level 2.6 Axes
 - Level 2.6 Throwing
 + Level 6.7 Armour
 - Level 1.0 Dodging
 - Level 1.4 Spellcasting
 - Level 3.2 Translocations
 - Level 2.2 Air Magic


You had 5 spell levels left.
You knew the following spells:

 Your Spells              Type           Power      Damage    Failure   Level
a - Apportation           Tloc           20%        N/A       30%         1
b - Vhi's Electric Charg  Tloc/Air       16%        N/A       75%         3

Your spell library contained the following spells:

 Spells                   Type           Power      Damage    Failure   Level
 Passage of Golubria      Tloc           10%        N/A       97%         4
 Frozen Ramparts          Ice            0%         1d1       98%         3
 Cause Fear               Hex            0%         N/A       100%        4
 Ice Form                 Ice/Tmut       0%         N/A       100%        4
 Dragon Form              Tmut           0%         N/A       100%        7
 Summon Small Mammal      Summ           Unusable   N/A       N/A         1
 Call Canine Familiar     Summ           Unusable   N/A       N/A         3
 Summon Guardian Golem    Hex/Summ       Unusable   N/A       N/A         3
 Summon Ice Beast         Ice/Summ       Unusable   N/A       N/A         4
 Dragon's Call            Summ           Unusable   N/A       N/A         9

Dungeon Overview and Level Annotations

Branches:
Dungeon (7/15)             Temple (0/1) D:5

Altars:
Ashenzari
Makhleb
Okawaru
Qazlal
Sif Muna
Vehumet
Xom
Yredelemnul


Innate Abilities, Weirdness & Mutations

You are partially covered in slimy green scales. (AC +2)
You sometimes gain power by taking damage.
You regenerate magic rapidly.
Your touch may inflict minor irresistible damage on your foes.


Message History

The wight hits you from afar with a +2 spear.
You feel drained. The wight hits you but does no damage.
You closely miss the wight.
The wight hits you with a +4 short sword of freezing!
You feel drained. The wight freezes you. You block the wight's attack.
You barely miss the wight. Your touch misses the wight.
The wight hits you from afar with a +2 spear.
* * * LOW HITPOINT WARNING * * *
You feel drained.
* * * LOW HITPOINT WARNING * * *
The wight attacks as you move away! The wight closely misses you.
You hit the wight. Your touch misses the wight.
The wight is lightly damaged.
The wight hits you with a +4 short sword of freezing.
* * * LOW HITPOINT WARNING * * *
The wight freezes you.
* * * LOW HITPOINT WARNING * * *
You feel very mighty all of a sudden.
The wight hits you with a +4 short sword of freezing.
* * * LOW HITPOINT WARNING * * *
The wight freezes you.
* * * LOW HITPOINT WARNING * * *
Okay, then.
A red film seems to cover your vision as you go berserk!
You feel yourself moving faster!
You feel mighty!
The gnoll throws a throwing net.
The throwing net hits you.
You become entangled in the net!
The wight completely misses you.
You struggle against the net.
You feel a strong urge to attack something.
You struggle against the net.
The wight hits you but does no damage.
The wight hits you with a +4 short sword of freezing.
* * * LOW HITPOINT WARNING * * *
The wight freezes you.
* * * LOW HITPOINT WARNING * * *
You struggle against the net.
You feel your anger nearly subside.
You are no longer berserk.
You are exhausted.
You feel yourself slow down.
The wight hits you from afar with a +2 spear.
You die...

...........##########
............#.#.....##
.....................##
......##..............#
......##..............###
......#.................####
..................#.....##.##
........##...###..##........###
...).....#....##@g#.....##....#
...#..........###z.....##....##
...#.............z.....##...##
..##...........z......##....###
..##.........#.........#......#
..##.#.......#.........#......#
..#..####.................#...##
.....#..#>...#..###......##....#
............##...##......##....#


You could see 2 wights and a gnoll.

Vanquished Creatures
  An orc warrior (D:5)
  A black bear (D:5)
  3 ice beasts
  A centaur (D:6)
  A phantom (D:5)
  A bullfrog (D:6)
  A kobold brigand (D:6)
  2 scorpions
  5 crimson imps
  3 hounds
  3 orc priests
  2 jellies
  4 iguanas
  5 orc wizards
  11 gnolls
  6 adders
  3 ufetubi
  2 worms
  4 dart slugs
  24 orcs
  7 endoplasms
  7 giant cockroaches
  4 goblins
  7 hobgoblins
  11 kobolds
  4 quokkas
  5 ball pythons
  8 bats
  6 frilled lizards
  8 rats
150 creatures vanquished.

Notes
Turn   | Place    | Note
-------+----------+-------------------------------------------
     0 | D:1      | AIAndy the Demonspawn Wanderer began the quest for the Orb.
     0 | D:1      | AIAndy set off with the following items: a +0 hand axe, 8
                  | poisoned darts, a +0 dagger, a scroll of blinking, a +0
                  | robe; and the following spell memorised: Apportation; and
                  | the following spells available to memorise: Vhi's Electric
                  | Charge, Passage of Golubria.
     0 | D:1      | Reached XP level 1. HP: 13/13 MP: 2/2
    47 | D:1      | Reached skill level 1 in Fighting
   133 | D:1      | Gained mutation: You sometimes gain a little power by
                  | taking damage. [demonic ancestry]
   133 | D:1      | Reached XP level 2. HP: 21/22 MP: 3/3
   287 | D:1      | Reached skill level 2 in Fighting
   680 | D:1      | Reached XP level 3. HP: 28/28 MP: 4/4
   684 | D:1      | Learned a level 3 spell: Vhi's Electric Charge
  1425 | D:2      | Gained mutation: You regenerate magic rapidly. [demonic
                  | ancestry]
  1425 | D:2      | Reached XP level 4. HP: 32/34 MP: 5/5
  1706 | D:3      | Found a shimmering blue altar of Sif Muna.
  1727 | D:3      | Reached skill level 1 in Air Magic
  1749 | D:3      | Got Sif Muna's Precepts of Calling
  1971 | D:3      | Gained mutation: Your touch may inflict minor irresistible
                  | damage on your foes. [demonic ancestry]
  1971 | D:3      | Reached XP level 5. HP: 36/39 MP: 6/6
  2519 | D:3      | Found a broken altar of Ashenzari.
  3079 | D:4      | Found a shimmering altar of Xom.
  3089 | D:4      | Reached skill level 3 in Fighting
  3107 | D:4      | Reached skill level 1 in Armour
  3107 | D:4      | Gained mutation: You sometimes gain power by taking damage.
                  | [demonic ancestry]
  3107 | D:4      | Reached XP level 6. HP: 43/48 MP: 8/8
  3187 | D:4      | Reached skill level 4 in Fighting
  3712 | D:4      | Found an iron altar of Okawaru.
  3717 | D:4      | Became a worshipper of Warmaster Okawaru
  3786 | D:5      | Entered Level 5 of the Dungeon
  3793 | D:5      | Gained mutation: You are partially covered in slimy green
                  | scales. (AC +2) [demonic ancestry]
  3793 | D:5      | Reached XP level 7. HP: 48/55 MP: 9/9
  3882 | D:5      | Reached skill level 5 in Fighting
  4007 | D:5      | Reached * piety under Okawaru
  4119 | D:5      | Found a staircase to the Ecumenical Temple.
  4832 | D:5      | Found a basalt altar of Yredelemnul.
  5061 | D:6      | Reached XP level 8. HP: 64/64 MP: 10/10
  5078 | D:5      | Reached skill level 6 in Fighting
  5110 | D:5      | Reached skill level 5 in Armour
  5378 | D:6      | Found a stormy altar of Qazlal.
  5522 | D:6      | Found a burning altar of Makhleb.
  5522 | D:6      | Found a radiant altar of Vehumet.
  5527 | D:6      | Reached skill level 7 in Fighting
  5600 | D:6      | Reached ** piety under Okawaru
  5969 | D:6      | Noticed an air elemental
  6093 | D:6      | Slain by a wight

Illustrated notes

Levels and vault maps discovered:
D:1:      psy_arrival_radial02, layout_basic, minmay_vboxes
D:2:      layout_rooms, chequers_serial_rivers_small_a
D:3:      minmay_razor_zed, layout_rooms, led_sif_book,
          mainiacjoe_overflow_big_doors, bh_walls_and_bars
D:4:      layout_loops_ring, general_overflow_altar, led_xom_imps,
          kennysheep_generic_room_8
D:5:      layout_cave_pods, kennysheep_ying_yang,
          minmay_temple_entry_proselytizer
D:6:      layout_cave_pools, nicolae_qazlal_style_of_elements,
          grunt_temple_overflow_lords_of_destruction
D:7:      layout_loops_ring, nicolae_wu_jian_wuxing_cycle,
          nicolae_ru_the_path_less_chosen

Skill      XL: |  1  2  3  4  5  6  7  8 |
---------------+-------------------------+-----
Fighting       | 1 2 3 4 5 7 |  7.3
Translocations | 2 3 |  3.2
Air Magic      | 1 2 |  2.2
Armour         | 1 2 4 6 |  6.7
Axes           | |  2.6
Throwing       | |  2.6
Dodging        | |  1.0
Spellcasting   | |  1.4

Action                     |  1- 3 |  4- 6 |  7- 9 || total
---------------------------+-------+-------+-------++-------
  Melee: Hand axe          |   103 |       |       ||   103
         Spear             |    21 |    58 |       ||    79
         Whip              |       |   165 |   191 ||   356
         Touch             |       |    11 |    42 ||    53
         Punch             |       |     1 |     2 ||     3
  Throw: Dart              |    11 |     1 |    71 ||    83
 Invoke: Heroism           |       |       |     2 ||     2
    Use: Potion            |       |     3 |     2 ||     5
         Scroll            |       |     6 |     4 ||    10
   Stab: Sleeping          |       |     1 |       ||     1
 Armour: Robe              |     1 |    37 |       ||    38
         Ring mail         |    39 |       |       ||    39
         Fire dragon scale |       |    52 |    71 ||   123
  Dodge: Dodged            |    53 |    62 |    75 ||   190
  Block: Kite shield       |    35 |    71 |       ||   106
         Reflection        |       |     1 |     7 ||     8
         Other             |       |    10 |    40 ||    50
